 Dungeon Crawl Stone Soup version 0.31-a0-466-g98c9adc2b6 (webtiles) character file.

Game seed: 2874068023431692682

245 Angani the Ruffian (level 5, -5/45 HPs)
             Began as a Draconian Shapeshifter on Aug 5, 2023.
             Was a Believer of Wu Jian.
             Slain by a wraith (10 damage)
             ... in an ossuary.
             The game lasted 00:04:09 (2601 turns).

Angani the Ruffian (Draconian Shapeshifter)         Turns: 2601, Time: 00:04:10

Health: -5/45      AC:  5    Str: 25    XL:     5   Next: 84%
Magic:  5/5        EV: 12    Int:  8    God:    Wu Jian [**....]
Gold:   118        SH:  0    Dex: 12    Spells: 4/4 levels left

rFire   . .          .
                       - Unarmed
rCold   . . .        (no shield)
rNeg    . . .        (body armour unavailable)
rPois   .            (helmet currently unavailable)
rElec   .            (cloak currently unavailable)
rCorr   .            (gloves currently unavailable)
SInv    .            (boots currently unavailable)
Will    .....        (no amulet)
Stlth   +            m - +6 ring of strength
HPRegen 0.27/turn    (no ring)
MPRegen 0.09/turn

%: no passive effects
@: beast-form, slowed, very slow
A: beast (slay +2), AC +5, unfitting armour, cold-blooded
a: Begin Untransformation, Renounce Religion, Wall Jump


You were in an ossuary.
You worshipped Wu Jian.
Wu Jian was pleased with you.
You were a hulking beast.
You visited 1 branch of the dungeon, and saw 4 of its levels.
You also visited: Ossuary.

You collected 118 gold pieces.

Inventory:

Missiles
 f - 5 curare-tipped darts
Jewellery
 m - a +6 ring of strength (left hand)
Talismans
 b - a beast talisman (active)
Wands
 d - a wand of polymorph (9)
 j - a wand of digging (8)
 k - a wand of charming (8)
 p - a wand of iceblast (8)
Scrolls
 a - 2 scrolls of identify
 i - 2 scrolls of poison
 o - a scroll of torment {unknown}
Potions
 c - a potion of magic
 e - a potion of mutation {unknown}
 g - 3 potions of curing
 h - a potion of ambrosia
 l - a potion of enlightenment {unknown}
 n - a potion of cancellation


   Skills:
 + Level 3.2 Fighting
 + Level 3.2 Dodging
 + Level 4.2 Unarmed Combat
 + Level 3.8 Shapeshifting


You had 4 spell levels left.
You didn't know any spells.
Your spell library contained the following spells:

 Spells                   Type           Power      Damage    Failure   Level
 Portal Projectile        Hex/Tloc       0%         N/A       78%         3
 Stone Arrow              Conj/Erth      0%         3d7       78%         3
 Vhi's Electric Charge    Tloc/Air       0%         N/A       78%         3
 Volatile Blastmotes      Fire/Tloc      0%         2d10      78%         3
 Iskenderun's Mystic Bla  Conj/Tloc      0%         2d3       99%         4
 Lehudib's Crystal Spear  Conj/Erth      0%         10d2      100%        8
 Animate Armour           Summ/Erth      Unusable   N/A       N/A         4

Dungeon Overview and Level Annotations

Branches:
Dungeon (4/15)            Ossuary (1/1)
 Temple: D:4-7

Altars:
Wu Jian
Yredelemnul
Zin


Innate Abilities, Weirdness & Mutations

You are a hulking beast.
Your limbs bulge with bestial killing power. (Slay +2)
Your plain brown scales are hard. (AC +5)
You cannot fit into any form of body armour.
You are cold-blooded and may be slowed by cold attacks.


Message History

You hit the wraith.
The wraith is severely damaged.
The wraith hits you! The wraith drains your vigour!
You feel yourself slow down.
You hit the wraith.
The wraith is almost destroyed.
The wraith misses you. The wraith barely misses you.
You hit the wraith but do no damage.
You tail-slap the wraith, but do no damage.
The wraith is severely damaged.
The wraith misses you.
You barely miss the wraith.
The wraith is severely damaged.
The wraith barely misses you.
You closely miss the wraith.
Your tail-slap misses the wraith.
The wraith is severely damaged.
The wraith misses you. The wraith hits you! The wraith drains your vigour!
You feel as though you will be slow longer.
You hit the wraith.
The wraith is almost destroyed.
The wraith barely misses you.
You closely miss the wraith.
The wraith is almost destroyed.
The wraith barely misses you. The wraith hits you!
* * * LOW HITPOINT WARNING * * *
The wraith drains your vigour!
You feel as though you will be slow longer.
You are too injured to fight recklessly!
Unknown command.
Unknown command.
You closely miss the wraith.
The wraith is almost destroyed.
The wraith hits you!
* * * LOW HITPOINT WARNING * * *
The wraith drains your vigour!
You feel as though you will be slow longer.
You hit the wraith but do no damage.
Your tail-slap misses the wraith.
The wraith is almost destroyed.
The wraith hits you!
You die...

#.###.....###.#
#.#z#.....# #.#
#.###.....###.#
#.............#
#.............#
#.###.###.###.#
# #.#z#.#.#.#
+##.###.##W.#
...........h#
#############


You could see a wraith.

Vanquished Creatures
  A centaur zombie (Ossuary)
  An orc priest (D:3)
  Natasha (twice) (D:3)
  Terence (D:2)
  2 adders
  4 worms
  2 dart slugs
  6 orcs
  6 endoplasms
  A giant cockroach (D:2)
  6 hobgoblins
  3 quokkas
  9 ball pythons
  A ball python skeleton (Ossuary)
  8 bats
  9 frilled lizards
  5 goblins
  5 kobolds
  3 kobold zombies (Ossuary)
  2 orc skeletons (Ossuary)
  2 orc zombies (Ossuary)
  5 rats
84 creatures vanquished.

Notes
Turn   | Place    | Note
-------+----------+-------------------------------------------
     0 | D:1      | Angani the Draconian Shapeshifter began the quest for the
                  | Orb.
     0 | D:1      | Reached XP level 1. HP: 16/16 MP: 1/1
   322 | D:1      | Reached XP level 2. HP: 23/23 MP: 2/2
   773 | D:2      | Reached XP level 3. HP: 24/29 MP: 3/3
   834 | D:2      | Noticed Terence
   858 | D:2      | Killed Terence
  1087 | D:2      | You fall into a shaft and drop 1 floor!
  1093 | D:3      | Found a basalt altar of Yredelemnul.
  1101 | D:3      | Reached XP level 4. HP: 31/36 MP: 4/4
  1261 | D:2      | Found a faded altar of an unknown god.
  1269 | D:2      | Prayed at the altar of an unknown god.
  1269 | D:2      | Became a worshipper of the Wu Jian Council
  1269 | D:2      | Reached * piety under Wu Jian
  1875 | D:3      | Noticed Natasha
  1882 | D:3      | Killed Natasha
  2004 | D:3      | Noticed Natasha
  2010 | D:3      | Reached XP level 5. HP: 41/44 MP: 5/5
  2019 | D:3      | Killed Natasha
  2020 | D:3      | Reached skill level 4 in Unarmed Combat
  2130 | D:3      | Found a glowing silver altar of Zin.
  2231 | D:3      | Reached ** piety under Wu Jian
  2311 | D:4      | Noticed an ogre
  2404 | D:4      | Got the Guide on Dislocation
  2420 | D:4      | Found a sand-covered staircase.
  2426 | Ossuary  | Entered an ossuary
  2539 | Ossuary  | Noticed a wraith
  2539 | Ossuary  | Noticed a flying skull
  2550 | Ossuary  | Noticed a flying skull
  2579 | Ossuary  | Noticed a flying skull
  2585 | Ossuary  | Noticed a wraith
  2601 | Ossuary  | Slain by a wraith

Illustrated notes

Levels and vault maps discovered:
D:1:      minmay_arrival_wavy_path, layout_basic, minmay_hexomino_f4
D:2:      layout_loops_ring, basic_ecumenical_altar,
          chequers_serial_rivers_micro_e, minmay_pentomino_pile, uniq_terence
D:3:      layout_loops_ring, zin_statuary, mainiacjoe_overflow_six_doors_small,
          serial_glass, glass_columns_b, glass_columns_a, uniq_natasha
D:4:      layout_basic, worldfamousw_hep_ancestral_shrine, enter_ossuary_1,
          minmay_surrounded
Ossuary:  ossuary_due_cavern

Skill      XL: |  1  2  3  4  5 |
---------------+----------------+-----
Dodging        | 2 3 |  3.2
Fighting       | 2 3 |  3.2
Unarmed Combat | 4 |  4.2
Shapeshifting  | |  3.8

Action                     |  1- 3 |  4- 6 || total
---------------------------+-------+-------++-------
  Melee: Unarmed           |    89 |   129 ||   218
         Tailslap          |     8 |    14 ||    22
         Punch             |     2 |     1 ||     3
Ability: Lunge             |       |    16 ||    16
         Whirlwind         |       |     1 ||     1
    Use: Scroll            |     1 |    10 ||    11
         Potion            |     1 |       ||     1
   Stab: Distracted        |     1 |       ||     1
         Sleeping          |       |     3 ||     3
 Armour: Skin              |    19 |    21 ||    40
  Dodge: Dodged            |    50 |    60 ||   110

Table legend: (Time is in decaauts)
 A = Elapsed time spent in this place.
 B = Non-inter-level travel time spent in this place.
 C = Inter-level travel time spent in this place.
 D = Time resting spent in this place.
 E = Time spent auto-exploring this place.
 F = Levels seen in this place.
 G = Mean time per level.
                   A        B        C        D        E       F      G
               +--------+--------+--------+--------+--------+-----+--------+
         Total |   2590 |   2510 |     80 |    212 |   1716 |   5 |  518.0 |
       Dungeon |   2415 |   2335 |     80 |    212 |   1601 |   4 |  603.8 |
       Ossuary |    175 |    175 |      0 |      0 |    115 |   1 |  175.0 |
               +--------+--------+--------+--------+--------+-----+--------+

Top non-repeatable levels by time:
     D:2: 812 daAuts
     D:3: 751 daAuts
     D:1: 737 daAuts
 Ossuary: 175 daAuts
     D:4: 114 daAuts
